cohdb
Replays
Latest Replays
All Replays
Popular Replays
Top Player Replays
Match Explorer
How It Works
Community
CoH3 Stats
Reddit
Sign in to upload your games and track your stats! →
Sign in with Steam
Match 45235943
Unlisted
Match 45235943
Overview
Messages
Build Orders
End
Engineer Squad
Construct Barracks
Selects Armored Battlegroup
Selects Veteran Crews
1⁄4-ton 4x4 Truck
Riflemen Squad
Riflemen Squad
Construct Medical Station
Infantry Support Center
Riflemen Squad
Grenade Package
Construct Motor Pool
M8 Greyhound Armored Car
Selects Fast Deploy
M8 Greyhound Armored Car
M1 Anti-tank Gun Team
Selects M8 Scott SPG
M1 Anti-tank Gun Team
Nico-Nico-Nii~~
FeriG
0
0
Comments
sign in to comment!
No comments posted yet!